[Event "GrandPrix_29.05"]
[Site "Chess.com"]
[Date "2020.05.29"]
[Round "6"]
[White "kpio91"]
[Black "moro182"]
[Result "1/2-1/2"]
[WhiteElo "2687"]
[BlackElo "2590"]
[TimeControl "600+2"]
[EndTime "12:04:24 PDT"]
[Termination "Game drawn - insufficient material"]

1. e4 e5 2. Bc4 Nc6 3. d3 Bc5 4.
Nc3 Nf6 5. h3 d6 6. Nge2 O-O 7.
O-O Na5 8. Bb3 Nxb3 9. axb3 d5 10. Bg5 dxe4 11. Bxf6 Qxf6 12. Nxe4 Qe7 13. Nxc5 Qxc5 14. Qd2 Be6 15. Ra5 Qd6 16. Qe3 Bd5 17. Nc3 c6 18.
Rxa7 Rxa7 19. Qxa7 b5 20. Qb6 f5 21. Re1 h6 22.
Nxd5 Qxd5 23. b4 Re8 24. b3 Re6 25. Re3 Qd6 26. Qc5 Qxc5 27. bxc5 Kf7 28. b4 Re7 29. Re1 Kf6 30. Ra1 e4 31. Ra6 Rc7 32. Ra8 exd3 33. cxd3 Ke5 34. Rd8 Ra7 35. f3 Ra4 36. Rd6 Rxb4 37.
Rxc6 Kd4 38. Rc8 Kxd3 39. c6 Rc4 40. c7 Kc3 41. Rb8 Rxc7 42. Rxb5 Rf7 43. f4 Kd4 44. Re5 Rf6 45. Kf2 g6 46. Kf3 Ra6 47. Re8 Ra3+ 48. Kf2 Ra2+ 49. Kg3 Ra3+ 50. Kh4 Ra2 51. g3 Ra6 52. Rh8 Ke4 53. Rxh6 Kf3 54. Rh8 Ra7 55. Rb8 Ra3 56. Rb6 Ra8 57. Rxg6 Rh8+ 58.
Kg5 Kxg3 59. Kxf5+ Kxh3 60. Kf6 Ra8 61. f5 Kh4 62. Kg7 Ra7+ 63. Kh6 Rb7 64. f6 Rf7 65.
Rg7 Rxf6+ 66. Rg6 Rxg6+ 67. Kxg6 1/2-1/2

[Event "GrandPrix_29.05"]
[Site "Chess.com"]
[Date "2020.05.29"]
[Round "6"]
[White "ValeriyGrinev"]
[Black "abraham1982"]
[Result "1/2-1/2"]
[WhiteElo "2077"]
[BlackElo "2192"]
[TimeControl "600+2"]
[EndTime "12:04:27 PDT"]
[Termination "Game drawn by repetition"]

1. c4 c5 2. g3 Nc6 3. Bg2 g6 4. Nc3 Bg7 5. a3 a5 6. d3 e6 7.
h4 h6 8. Nh3 Nge7 9. Nf4 O-O 10. Rb1 d6 11. O-O Bd7 12. Bd2 f5 13. Nb5 Bc8 14.
Bc3 e5 15. Nd5 Nxd5 16. Bxd5+ Kh7 17. e3 Ne7 18. Bg2 d5 19. b4 d4 20. exd4 axb4 21. axb4 cxd4 22. Ra1 Bd7 23. Bb2 Qb6 24. Re1 Rxa1 25.
Qxa1 Bxb5 26. cxb5 f4 27. Bxd4 Qxb5 28. Bxe5 fxg3 29.
fxg3 Rf7 30. Qa2 Qxb4 31. Rb1 Qxb1+ 32. Qxb1 Bxe5 33. h5 Bxg3 34. Qxb7 Bf2+ 35. Kh2 gxh5 36. Bd5 Rg7 37. Be4+ Kh8 38. Qb8+ Ng8 39. Qf8 Bd4 40. Qf5 h4 41. Kh3 Bf6 42. Qf2 Rg3+ 43. Kh2 Be5 44.
Kh1 Nf6 45. Qf5 Rg5 46. Qc8+ Rg8 47. Qe6 Rg5 48. Bf5 Bd4 49. Qd6 Rxf5 50. Qxd4 Kg7 51.
Kg2 Rd5 52. Qc3 h3+ 53. Kxh3 h5 54. d4 Kg6 55. Qg3+ Kf5 56. Qf3+ Kg6 57. Qd3+ Kg5 58. Kg3 Rf5 59. Qe3+ Kg6 60. Qe7 Rd5 61. Qa7 Rg5+ 62. Kf4 h4 63. Qa6 Rf5+ 64. Ke3 h3 65. Qe2 h2 66. Qg2+ Rg5 67. Qc2+ Kg7 68. Qc7+ Kg6 69. Qc2+ Rf5 70. Qg2+ Rg5 71. Qc2+ 1/2-1/2

[Event "GrandPrix_29.05"]
[Site "Chess.com"]
[Date "2020.05.29"]
[Round "6"]
[White "2346PL"]
[Black "PeshkaTheGreat"]
[Result "1-0"]
[WhiteElo "2113"]
[BlackElo "2160"]
[TimeControl "600+2"]
[EndTime "12:04:34 PDT"]
[Termination "2346PL won by resignation"]

1. d4 d5 2. Nf3 c6 3. e3 Bg4 4. h3 Bh5 5. Bd3 e6 6. O-O f5 7. b3 Nd7 8. Ba3 Bxa3 9. Nxa3 g5 10.
Be2 g4 11. Nh2 Qe7 12. Nb1 Ngf6 13. hxg4 fxg4 14. Nxg4 Bxg4 15. Bxg4 O-O-O 16. Nd2 Rdg8 17. Bh3 Kb8 18. c4 e5 19. cxd5 cxd5 20. dxe5 Nxe5 21.
Nf3 Neg4 22. Qd4 Ka8 23. Rac1 Qf7 24. Ne5 Qh5 25. Nxg4 Nxg4 26. Bxg4 Qxg4 27. Qxg4 Rxg4 28. Rfd1 Rhg8 29. g3 h5 30. Kf1 h4 31. gxh4 Rxh4 32. Ke2 Rh5 33. Rc5 Rd8 34. Rd4 b6 35. Rc7 Kb8 36. Rf7 Rc8 37. Rd7 Rc2+ 38. Rd2 Rxd2+ 39. Kxd2 a5 40. Kd3 Kc8 41. Rf7 Rh1 42. Kd4 Rd1+ 43. Ke5 Rd2 44. Kd6 Rxa2 45. Kc6 Rc2+ 46. Kxb6 Rc3 47.
Kxa5 Rxb3 48. Rf5 Rb2 49. Ka4 Kd7 50. Ka3 Rd2 51. Kb3 Ke6 52. Rf8 d4 53. e4 Ke5 54.
f3 Rd3+ 55. Kb4 Re3 56. Rf5+ Ke6 57. Kc4 d3 58. Kc3 Ke7 59. Kd2 Re2+ 60. Kxd3 Ra2 61.
Ke3 Ra3+ 62. Kf4 Ke6 63. Rb5 Ra4 64. Rb6+ Ke7 65. Kf5 Ra3 66. f4 Rh3 67. e5 Rh5+ 68. Ke4 Rh1 69. Rb7+ Ke8 70. f5 Re1+ 71. Kd5 Ra1 72.
e6 Ra5+ 73. Kd6 Kf8 74. Rb8+ Kg7 75. e7 1-0

[Event "GrandPrix_29.05"]
[Site "Chess.com"]
[Date "2020.05.29"]
[Round "6"]
[White "KacperKacprzak"]
[Black "Poghosyan_Suren"]
[Result "1-0"]
[WhiteElo "2053"]
[BlackElo "2071"]
[TimeControl "600+2"]
[EndTime "12:04:39 PDT"]
[Termination "KacperKacprzak won by checkmate"]

1. e4 e6 2. d4 d5 3. Nc3 Bb4 4. e5 c5 5. a3 Bxc3+ 6. bxc3 Qc7 7.
Qg4 f6 8. exf6 Nxf6 9. Qg3 Qxg3 10. hxg3 Nc6 11. Nf3 cxd4 12. cxd4 Bd7 13. Bd3 Rc8 14.
Rb1 b6 15. Bf4 O-O 16. Kd2 h6 17. Bd6 Rfe8 18. Rh4 Ne7 19. g4 Ba4 20. g5 hxg5 21.
Nxg5 Nf5 22. Bxf5 exf5 23. c3 Ne4+ 24. Nxe4 Rxe4 25. Rh5 Bd7 26. Be5 Rg4 27. g3 Kf7 28. f3 Rg6 29. Rbh1 Rgc6 30. Rh7 Rg6 31. Rh8 Rg8 32.
Ke3 Rc6 33. Kd2 Rg6 34. R1h7 Bb5 35. Rh4 Bd7 36. Bb8 b5 37. Be5 Ra6 38. Rxg8 Kxg8 39. Rh5 Bc8 40. g4 fxg4 41. fxg4 Rg6 42. Bb8 Be6 43.
Re5 Kf7 44. g5 a6 45. Ke3 Ke8 46. Kf4 Kd7 47. Ba7 Kc6 48. Bc5 a5 49. Re1 Kd7 50. Rb1 Kc6 51. a4 bxa4 52. Rb6+ Kc7 53. Ra6 Bf7 54.
Ra7+ Kc6 55. Rxf7 Kb5 56. Kf5 Rc6 57. Rxg7 Kc4 58. Ra7 Kxc3 59. Rxa5 Kb3 60. g6 Rc7 61. Ra6 Rxc5 62. dxc5 d4 63. g7 d3 64. g8=Q+ Kb2 65. Rxa4 d2 66. Qa2+ Kc1 67. Rc4+ Kd1 68. Qc2+ Ke2 69.
Re4+ Kf3 70. Qd1+ Kf2 71. Qxd2+ Kf3 72. Qd3+ Kf2 73. Re2+ Kf1 74. Qd1# 1-0

[Event "GrandPrix_29.05"]
[Site "Chess.com"]
[Date "2020.05.29"]
[Round "6"]
[White "ploky25"]
[Black "Bulldog167"]
[Result "0-1"]
[WhiteElo "2153"]
[BlackElo "2424"]
[TimeControl "600+2"]
[EndTime "12:04:43 PDT"]
[Termination "Bulldog167 won on time"]

1. d4 Nf6 2. c4 g6 3. Nc3 Bg7 4. e4 d6 5. Nf3 O-O 6. Be2 e5 7. d5 a5 8. Bg5 Na6 9. Nd2 Qe8 10. O-O Nd7 11. a3 Nb6 12. Be3 f5 13.
f3 a4 14. Bxb6 cxb6 15. Nxa4 Bh6 16. Nc3 Nc5 17. Ra2 Bd7 18. b4 Na4 19. Ndb1 Be3+ 20. Kh1 Bd4 21. Qc1 Nxc3 22. Nxc3 Qe7 23. Bd3 f4 24.
Nb5 Bxb5 25. cxb5 Rfc8 26. Rc2 Rxc2 27. Bxc2 Rc8 28. Qb1 Qc7 29. Bb3 Qc3 30. Qa2 h5 31. Rd1 g5 32. Qb1 Kf7 33. Rd3 Qc1+ 34. Qxc1 Rxc1+ 35. Bd1 g4 36. Rd2 Ra1 37. a4 Bc3 38. Rd3 Bxb4 39. Kg1 Kf6 40. Kf1 Kg5 41. Ke2 Ra2+ 42.
Kf1 Bc5 43. Be2 Rxa4 44. Rd1 Ra2 45. Rb1 h4 46. h3 gxh3 47. gxh3 Kf6 48. Rd1 Ra8 49.
Ke1 Be3 50. Bf1 Rg8 51. Ra1 Rc8 52. Bd3 Rc3 53. Be2 Bd4 54. Rb1 Ra3 55. Kf1 Ra8 56. Ke1 Rg8 57. Bf1 Rg1 58. Ke2 Rh1 59. Rb3 Rh2+ 60. Ke1 Be3 61. Rd3 Rb2 62. Ra3 Rb1+ 63.
Ke2 Rxb5 64. Ra2 Rb1 65. Bg2 b5 66. Kd3 b4 67. Re2 Rc1 68. Rb2 Rc3+ 69. Ke2 b3 70. Kd1 Rc1+ 71. Ke2 Rc2+ 0-1

[Event "GrandPrix_29.05"]
[Site "Chess.com"]
[Date "2020.05.29"]
[Round "6"]
[White "Ward-Tsh"]
[Black "AliKa2810"]
[Result "0-1"]
[WhiteElo "2149"]
[BlackElo "2148"]
[TimeControl "600+2"]
[EndTime "12:04:49 PDT"]
[Termination "AliKa2810 won on time"]

1. e4 e5 2. Nf3 Nf6 3. Nxe5 d6 4. Nf3 Nxe4 5. d4 d5 6. Bd3 Bd6 7. O-O O-O 8. c4 c6 9. Re1 Bf5 10. Qc2 Na6 11. a3 Re8 12. Nc3 Bg4 13. Ne5 Bxe5 14.
dxe5 Nxc3 15. Qxc3 d4 16. Qc2 Qh4 17. Bf4 Nc5 18. Bg3 Qh5 19. f3 Be6 20. Bf1 Rad8 21. b4 d3 22. Qd1 Na6 23. Re3 Bxc4 24. Rc1 Bb5 25. Bxd3 Qh6 26. f4 Nc7 27. Qf1 Nd5 28. Rf3 Nc7 29. Rd1 Ba4 30. Re1 Ne6 31. f5 Nd4 32.
Rf2 Bb5 33. Bxb5 cxb5 34. h3 Qc6 35. Kh2 h6 36. Rf4 Qc2 37. f6 g6 38. Rfe4 Ne6 39.
Qxb5 b6 40. R1e2 Qd1 41. Qc4 Rc8 42. Qa2 Rc3 43. R4e3 Rec8 44. Rxc3 Rxc3 45. Rd2 Qf1 46. Rf2 Qc1 47. a4 Qg5 48. Rf3 Rxf3 49. gxf3 h5 50.
h4 Qe3 51. Qf2 Qb3 52. f4 Qxb4 53. f5 gxf5 54. Qxf5 Qd2+ 55. Kh3 Qd1 56. Kh2 a6 57. Qe4 b5 58. Qa8+ Kh7 59. Qe4+ Kh8 60. Qa8+ Kh7 61.
axb5 Qe2+ 62. Qg2 Qxg2+ 63. Kxg2 axb5 64. Kf3 Kg6 65. Ke4 Nc5+ 66. Kd5 Ne6 67. Ke4 b4 68. Be1 b3 69. Bc3 Nc5+ 70. Ke3 Na4 71. Kd2 b2 72.
Bxb2 Nxb2 0-1

[Event "GrandPrix_29.05"]
[Site "Chess.com"]
[Date "2020.05.29"]
[Round "6"]
[White "tacticthunder"]
[Black "imdvb6307"]
[Result "1/2-1/2"]
[WhiteElo "2184"]
[BlackElo "2122"]
[TimeControl "600+2"]
[EndTime "12:04:54 PDT"]
[Termination "Game drawn by repetition"]

1. e4 Nc6 2. d4 d5 3. exd5 Qxd5 4. Nf3 e5 5. Nc3 Bb4 6. Bd2 Bxc3 7. Bxc3 e4 8. Ne5 Nxe5 9. dxe5 Ne7 10. Qh5 O-O 11.
Be2 Qe6 12. O-O Nd5 13. Bc4 Qc6 14. Bxd5 Qxd5 15. Rad1 Qxa2 16. Rfe1 Qe6 17. Rxe4 Qg6 18. Qxg6 hxg6 19. Rc4 c6 20. Bb4 Be6 21. Rcd4 Rfc8 22. Bd6 c5 23. Ra4 a5 24. Rda1 b6 25. h3 Bd7 26.
Rc4 a4 27. g4 Ra7 28. f4 Rca8 29. Rc3 Ra5 30. Rca3 Rc8 31. c4 b5 32. b4 cxb4 33.
Bxb4 Raa8 34. c5 Bc6 35. Rd1 Rd8 36. Rad3 Rxd3 37. Rxd3 Kf8 38. Kf2 Ke7 39. Rd6 Ra6 40. f5 gxf5 41. gxf5 a3 42. Bxa3 Rxa3 43. Rxc6 Rxh3 44.
Rc7+ Ke8 45. Rb7 Rh5 46. Ke3 Rxf5 47. Ke4 Rf1 48. c6 Kd8 49. Kd5 g5 50. Rxb5 g4 51.
Rb8+ Kc7 52. Rb7+ Kc8 53. Rb4 g3 54. Rg4 Rf3 55. Kd6 Rd3+ 56. Ke7 Rf3 57. Kd6 Rd3+ 58.
Kc5 Kc7 59. Rg7 Rc3+ 60. Kd5 Rxc6 61. Rxf7+ Kb6 62. e6 Rc5+ 63. Kd6 Rg5 64. e7 Rg6+ 65. Kd7 g2 66. e8=Q g1=Q 67. Qb8+ Ka6 68. Qc8+ Kb6 69. Qc7+ Ka6 70. Qc4+ Kb6 71. Qb4+ Ka6 72. Qa4+ Kb6 73. Qb3+ Ka6 74. Qc4+ Kb6 75. Qb4+ Ka6 76. Qa3+ Kb6 77.
Qb2+ Ka6 78. Qe2+ Kb6 79. Qb2+ Ka6 80. Qa2+ Kb6 81. Qb3+ Ka6 82. Qa4+ Kb6 83. Qb4+ 1/2-1/2

[Event "GrandPrix_29.05"]
[Site "Chess.com"]
[Date "2020.05.29"]
[Round "6"]
[White "Spartakus1975"]
[Black "GeorgMeier"]
[Result "1-0"]
[WhiteElo "2618"]
[BlackElo "2611"]
[TimeControl "600+2"]
[EndTime "12:04:55 PDT"]
[Termination "Spartakus1975 won by resignation"]

1. e4 e6 2. d4 d5 3. exd5 exd5 4. Nf3 Bf5 5. c4 Bxb1 6. Rxb1 Bb4+ 7. Bd2 Bxd2+ 8. Qxd2 Nf6 9. Bd3 dxc4 10. Bxc4 O-O 11.
O-O Nbd7 12. Rfe1 c6 13. Bb3 Rc8 14. h3 Nb6 15. Re5 Nbd5 16. Rbe1 Rc7 17. Nh4 g6 18.
Qh6 Kh8 19. Nf3 Ng8 20. Qd2 Rd7 21. Bxd5 Rxd5 22. Qb4 Rd7 23. a3 Kg7 24. Qc3 f6 25. Re6 Rff7 26. Re8 Qb6 27. b4 Ne7 28. g3 Nd5 29.
Qc5 Qxc5 30. dxc5 Rf8 31. Nd4 Rxe8 32. Rxe8 h5 33. Rb8 Kf7 34. Nb3 Rc7 35. Na5 b6 36.
Nc4 bxc5 37. bxc5 Ne7 38. Kg2 Ke6 39. Ne3 Nd5 40. Nc2 Nc3 41. Nb4 Na4 42. Re8+ Kf7 43. Rd8 Nxc5 44. Rd6 Ne6 45. Nxc6 a6 46. Nb4 a5 47.
Nc6 a4 48. Nb4 Rc3 49. Rd7+ Ke8 50. Ra7 Nc7 51. Rxa4 Kd7 52. Ra7 Kd6 53. a4 Rb3 54. Nc2 Ne6 55. a5 Rb2 56. Ne3 Ra2 57. Ra6+ Kd7 58.
Nd5 f5 59. h4 Ra3 60. Nb4 f4 61. Ra7+ Kd6 62. a6 f3+ 63. Kh3 Kc5 64. Nc2 Ra2 65. Ne3 Nd4 66. Rc7+ Kb5 67. Rd7 Nc6 68. g4 Rxf2 69. gxh5 gxh5 70. a7 Ra2 71. Rd5+ Kb6 72.
Rxh5 Ra3 73. Nc4+ Kxa7 74. Nxa3 f2 75. Kg2 1-0

[Event "GrandPrix_29.05"]
[Site "Chess.com"]
[Date "2020.05.29"]
[Round "6"]
[White "RovenVogel"]
[Black "ZoranRunic1"]
[Result "0-1"]
[WhiteElo "2278"]
[BlackElo "2326"]
[TimeControl "600+2"]
[EndTime "12:04:57 PDT"]
[Termination "ZoranRunic1 won on time"]

1. d4 Nf6 2. c4 g6 3. Nc3 Bg7 4. Nf3 d6 5. g3 O-O 6. Bg2 Nc6 7. O-O a6 8. b3 Rb8 9. Bb2 b5 10.
cxb5 axb5 11. Rc1 b4 12. Na4 Na7 13. Qc2 c6 14. e4 Ba6 15. Rfe1 Bb5 16. e5 Nd5 17. e6 Bh6 18. Rcd1 f5 19. Nd2 Rf6 20. Nc4 Qc8 21. Na5 Qa6 22. Nc4 f4 23. Rd3 Rbf8 24.
Be4 Nc8 25. f3 fxg3 26. hxg3 Nc7 27. d5 cxd5 28. Rxd5 Nxd5 29. Bxd5 Rxf3 30. Bxf3 Rxf3 31. Kh2 Bxc4 32. bxc4 Qc6 33. Ba1 Be3 34. Re2 Bg5 35. Rf2 Be3 36. Rg2 Bg5 37. Qe2 Re3 38. Qc2 Qe4 39. Qxe4 Rxe4 40. c5 Rxe6 41. Rb2 Re4 42. Rc2 Kf7 43. c6 Bf6 44. Bxf6 Kxf6 45. Rf2+ Kg7 46.
Nb2 Re3 47. Nc4 Rc3 48. Na5 e5 49. Rb2 Rc5 50. Nb7 Rxc6 51. Rxb4 h5 52. a4 d5 53. Rb5 Ne7 54. Nc5 Rc8 55. a5 Ra8 56. a6 Kf6 57. Rb6+ Kf5 58. Rb7 Nc6 59. Rf7+ Kg4 60. Rc7 Nd4 61.
Rb7 Nf3+ 62. Kg2 g5 63. a7 h4 64. Nd7 h3+ 65. Kf2 h2 66. Kg2 Rh8 67. Nf6+ Kf5 68.
Kh1 Rc8 69. Rb1 Kxf6 70. Kg2 g4 0-1

[Event "GrandPrix_29.05"]
[Site "Chess.com"]
[Date "2020.05.29"]
[Round "6"]
[White "Shahinyan_ChessMood"]
[Black "Volodar_Murzin"]
[Result "1/2-1/2"]
[WhiteElo "2391"]
[BlackElo "2465"]
[TimeControl "600+2"]
[EndTime "12:04:58 PDT"]
[Termination "Game drawn by repetition"]

1. e4 c6 2. d4 d5 3. exd5 cxd5 4. Bd3 Nc6 5. c3 g6 6. h3 Bf5 7. Nf3 e6 8. Be2 Nf6 9. Nbd2 h5 10. Nf1 Bd6 11. Bg5 Be7 12. Ne3 Ne4 13. Bxe7 Qxe7 14. Qa4 Kf8 15. Nd2 Nxd2 16. Kxd2 h4 17. Rag1 Rc8 18.
Bb5 a6 19. Bxc6 Rxc6 20. Nxf5 gxf5 21. g4 hxg3 22. Rxg3 Qd6 23. Ke2 Ke7 24. h4 b5 25.
Qd1 Qf4 26. h5 b4 27. Rhh3 bxc3 28. bxc3 Rb6 29. Kf1 Rb2 30. Qf3 Qxf3 31. Rxf3 Rxa2 32. h6 Rb2 33. h7 Rbb8 34. Rfg3 a5 35. Ke2 a4 36.
Kd3 a3 37. Rg1 a2 38. Ra1 Rb2 39. f4 Kf8 40. Ke3 Rc2 41. Kd3 Rg2 42. c4 dxc4+ 43. Kxc4 Kg7 44. d5 exd5+ 45. Kxd5 Rxh7 46. Ra3 Rhh2 47. Ke5 Rb2 48. Kxf5 Rhg2 49. Ra5 Rbe2 50. Rh1 Rh2 51.
Rg1+ Reg2 52. Rxg2+ Rxg2 53. Ra8 Rf2 54. Ra6 Kf8 55. Ra7 Ke8 56. Kg5 Kd8 57. f5 Kc8 58.
Kf6 Kb8 59. Ra3 Kb7 60. Kg7 Rxf5 61. Rxa2 Kc6 62. Rd2 Rf1 63. Kh6 Rf5 64. Kg7 Kc7 65.
Rd1 Rf4 66. Rd2 Rf3 67. Kh6 Rf1 68. Kg5 Kc6 69. Rd4 Kc5 70. Rf4 Rxf4 71. Kxf4 Kd6 72. Kf5 Ke7 73. Ke5 f6+ 74. Kf5 Kf7 75. Kf4 Ke6 76.
Ke4 f5+ 77. Kf4 Kf6 78. Kf3 Ke5 79. Ke3 f4+ 80. Kf3 Kf5 81. Kf2 Ke4 82. Ke2 f3+ 83.
Kf2 Kf4 84. Kf1 Kg3 85. Kg1 Kg4 86. Kf2 Kf4 87. Kf1 Ke3 88. Ke1 Ke4 89. Kf2 Kf4 1/2-1/2

[Event "GrandPrix_29.05"]
[Site "Chess.com"]
[Date "2020.05.29"]
[Round "6"]
[White "tsvet2005"]
[Black "jacky72"]
[Result "1-0"]
[WhiteElo "2323"]
[BlackElo "2255"]
[TimeControl "600+2"]
[EndTime "12:04:59 PDT"]
[Termination "tsvet2005 won by checkmate"]

1. d4 Nf6 2. c4 g6 3. Nc3 Bg7 4. e4 d6 5. Be2 O-O 6. Be3 Na6 7. Nf3 e5 8. d5 Ng4 9. Bg5 f6 10. Bh4 c5 11. Nd2 Nh6 12. f3 Nf7 13. a3 Bd7 14.
Rb1 b6 15. b4 Qe8 16. bxc5 Nxc5 17. Nb5 Bxb5 18. cxb5 f5 19. O-O Bh6 20. exf5 gxf5 21. Nc4 Kh8 22. Qc2 Qd7 23. Kh1 Rg8 24. g4 Bg5 25. Bf2 fxg4 26. fxg4 Raf8 27. Bg3 Qe7 28.
Rf5 Nh6 29. Nxd6 Nxf5 30. Nxf5 Qf6 31. Rf1 Bf4 32. Bh4 Qf7 33. Qc4 Rg6 34. Be7 Re8 35.
d6 Qxc4 36. Bxc4 Rc8 37. Bf7 Nd7 38. Bxg6 hxg6 39. Nh4 Kg7 40. Ng2 Bd2 41. Rd1 Bc1 42. a4 Rc4 43. g5 Kf7 44. h4 Ke6 45. Kh2 Bf4+ 46. Nxf4+ Rxf4 47. Kh3 Rxa4 48. Rg1 Ra3+ 49. Kh2 Kf5 50. h5 Ra2+ 51. Kh1 Ra4 52. h6 Rc4 53. Rf1+ Ke6 54. Kg2 Rc8 55. Kf3 Kd5 56. Ke3 Rc3+ 57. Kd2 Rh3 58. Ra1 Nc5 59. Rxa7 Ke6 60. Bf6 Ne4+ 61.
Ke2 Nxf6 62. gxf6 Rxh6 63. f7 Rh8 64. Re7+ Kf6 65. Re8 Rh2+ 66. Ke3 Kxf7 67. d7 Rh3+ 68. Ke4 Rh4+ 69. Kxe5 Rh1 70. d8=Q Re1+ 71. Kf4 Rxe8 72.
Qxb6 Re6 73. Qc7+ Kf6 74. b6 g5+ 75. Kf3 Kf5 76. Qf7+ Ke5 77. Qxe6+ Kxe6 78. b7 Kd7 79. b8=Q g4+ 80. Kxg4 Ke6 81. Qb5 Kf7 82. Kf5 Kg8 83. Qd7 Kh8 84. Kg6 Kg8 85. Qd8# 1-0

[Event "GrandPrix_29.05"]
[Site "Chess.com"]
[Date "2020.05.29"]
[Round "6"]
[White "grzechu96"]
[Black "Sunerorlater"]
[Result "1-0"]
[WhiteElo "2523"]
[BlackElo "2283"]
[TimeControl "600+2"]
[EndTime "12:05:00 PDT"]
[Termination "grzechu96 won by resignation"]

1. e4 e5 2. Nf3 Nc6 3. Bc4 Bc5 4.
O-O Nf6 5. d3 d6 6. c3 O-O 7. h3 a6 8. Bb3 Ba7 9. Re1 Kh8 10.
Nbd2 Ng8 11. Nf1 f5 12. exf5 Bxf5 13. Be3 Bxe3 14. Nxe3 Bg6 15. d4 e4 16. Nd2 Nce7 17.
Nd5 c6 18. Nxe7 Qxe7 19. Bxg8 Kxg8 20. f3 d5 21. fxe4 dxe4 22. Nc4 Qh4 23. Qe2 Rae8 24.
Rf1 Qg3 25. Qe3 Qxe3+ 26. Nxe3 b5 27. Rxf8+ Rxf8 28. Rf1 Rd8 29. Kf2 a5 30. Ng4 Bf7 31. Ke3 a4 32. a3 Bd5 33. Rf5 Rd6 34. Nf2 Rg6 35. g4 Rh6 36. Rh5 Re6 37. Rf5 Rh6 38. Rf4 Rh4 39. g5 Rh5 40. h4 h6 41. gxh6 Rxh6 42.
Nxe4 Re6 43. Kd3 Bc4+ 44. Kd2 Re7 45. Ng3 Kh7 46. Re4 Rf7 47. Ke3 Bd5 48. Rf4 Re7+ 49.
Kf2 Kg6 50. Nf1 Re8 51. Ne3 Be6 52. Re4 Kf6 53. Kg3 Rd8 54. Re5 Rd6 55. Ng2 Rd8 56.
Nf4 Bf7 57. Rc5 Rd6 58. Kg4 g6 59. Kg3 Be8 60. Re5 Bf7 61. Ng2 Be6 62. Ne3 Kf7 63.
Nd1 Bd5 64. Ne3 Be6 65. Rc5 Ke7 66. Kf4 Kf6 67. Ng4+ Bxg4 68. Kxg4 Re6 69. d5 Re4+ 70. Kg3 cxd5 71. Rxd5 Re3+ 72. Kf4 Rh3 73. Kg4 1-0

[Event "GrandPrix_29.05"]
[Site "Chess.com"]
[Date "2020.05.29"]
[Round "6"]
[White "Nodar_Lortkipanidze"]
[Black "Rakhmanov_Aleksandr"]
[Result "1-0"]
[WhiteElo "2552"]
[BlackElo "2490"]
[TimeControl "600+2"]
[EndTime "12:05:03 PDT"]
[Termination "Nodar_Lortkipanidze won on time"]

1. e4 c5 2. c3 e6 3. d4 d5 4. exd5 exd5 5. Nf3 Nc6 6. Be3 cxd4 7. Bxd4 Nxd4 8. Qxd4 Nf6 9. Bb5+ Bd7 10. Bxd7+ Qxd7 11. O-O Be7 12. Ne5 Qb5 13. c4 dxc4 14. Nc3 Qc5 15.
Qxc5 Bxc5 16. Nxc4 O-O 17. Rad1 Rfe8 18. Nd6 Re7 19. g3 g6 20. Kg2 Kf8 21. a3 Rd8 22. Nc4 Rc8 23. Rd3 Ne4 24. Nd5 Rd7 25. Ne5 Rdd8 26.
f3 Ng5 27. Rc1 Ne6 28. Nf6 Kg7 29. Ne4 Bd4 30. Rxc8 Rxc8 31. f4 Rc2+ 32. Kh3 Rxb2 33. Nf3 Bc5 34. Rd7 Bxa3 35. Ne5 Kf8 36. Rxf7+ Ke8 37. Nf6+ Kd8 38. Rd7+ Kc8 39. Rxh7 Rb3 40. Rh8+ Kc7 41. Nxg6 Kd6 42. f5 Bb2 43. Ne4+ Kd5 44. Re8 Nd4 45. Nf4+ Kc6 46. f6 Ba3 47. f7 Rb2 48. Nf6 Nf3 49. Kg4 Nxh2+ 50. Kf5 Rb5+ 51. Kg6 Nf3 52. Ne6 Ne5+ 53. Kg7 Nxf7 54. Kxf7 Rb3 55. g4 Rg3 56. g5 Bb2 57. Nf4 Rxg5 58. Re6+ Kb5 59.
N4d5 Bxf6 60. Nxf6 a5 61. Ne4 Rg2 62. Nd6+ Kc6 63. Nc4+ Kd5 64. Nxa5 b5 65. Rb6 Kc5 66. Rb8 Ra2 67. Nb7+ Kb4 68. Nd6 Ra5 69. Ke6 Ka4 70.
Kd5 b4+ 71. Kc4 Ra7 72. Nb5 Ra5 73. Nd4 Ka3 74. Rxb4 Ka2 75. Nb5 Ka1 76. Nc3 1-0

[Event "GrandPrix_29.05"]
[Site "Chess.com"]
[Date "2020.05.29"]
[Round "6"]
[White "Evgeny81"]
[Black "WhiteCapital80"]
[Result "1-0"]
[WhiteElo "2472"]
[BlackElo "2234"]
[TimeControl "600+2"]
[EndTime "12:05:03 PDT"]
[Termination "Evgeny81 won by resignation"]

1. d4 e6 2. c4 d5 3. Nf3 Nf6 4. Bg5 Be7 5. Nc3 Nbd7 6. e3 O-O 7. cxd5 exd5 8. Bd3 c6 9. Qc2 Re8 10. O-O Nf8 11.
a3 a5 12. h3 Bd6 13. Bf4 Ng6 14. Bxd6 Qxd6 15. Rab1 Qe7 16. b4 axb4 17. axb4 Ne4 18. Bxe4 dxe4 19. Nd2 f5 20. b5 f4 21. bxc6 bxc6 22.
Qxe4 Qxe4 23. Ndxe4 Bf5 24. f3 fxe3 25. Rbe1 Bxe4 26.
Nxe4 Ra3 27. Ra1 Rea8 28. Rxa3 Rxa3 29. g3 Ne7 30. Nd6 Rd3 31. Re1 Nd5 32. Nc4 Rc3 33. Ne5 g5 34. Kf1 Kg7 35. Ke2 h5 36. Ra1 Rc2+ 37. Kd3 Rd2+ 38. Ke4 e2 39. Re1 Rd1 40. Nd3 Kf6 41. h4 gxh4 42. gxh4 Nb4 43. Rxe2 Nxd3 44. Rc2 Rc1 45. Kxd3 Rh1 46. Rxc6+ Kf5 47.
Ke3 Rxh4 48. Rc5+ Kf6 49. f4 Rh1 50. Rc6+ Kf5 51. Rc5+ Kf6 52. Ke4 Re1+ 53. Kf3 h4 54. Rc6+ Kf5 55. Rc5+ Kf6 56. Rh5 Rd1 57. Ke4 Re1+ 58.
Kd5 Rh1 59. Kd6 h3 60. d5 h2 61. f5 Ra1 62. Rh3 Ra6+ 63. Kc5 Kxf5 64. Rxh2 Kf6 65. Re2 Kf7 66. d6 Ra1 67. Kc6 Rc1+ 68. Kd7 Rd1 69. Rf2+ Kg7 70. Ke7 Re1+ 71. Kd8 Rd1 72. d7 Kg6 73. Rf4 Rd2 74. Ke7 Re2+ 75. Kd6 Rd2+ 76. Ke6 Kg7 77. Rf5 1-0

[Event "GrandPrix_29.05"]
[Site "Chess.com"]
[Date "2020.05.29"]
[Round "6"]
[White "Vesper2018"]
[Black "TheFireChess"]
[Result "1/2-1/2"]
[WhiteElo "1915"]
[BlackElo "2193"]
[TimeControl "600+2"]
[EndTime "12:05:18 PDT"]
[Termination "Game drawn - insufficient material"]

1. e4 c6 2. d4 d5 3. e5 c5 4. c3 Nc6 5. Be2 Nh6 6. Nf3 Bg4 7. dxc5 e6 8. b4 Bxf3 9. Bxf3 Nxe5 10. Be2 g6 11.
O-O Bg7 12. Na3 O-O 13. Bd2 Nf5 14. Nc2 Nc6 15. Bd3 a6 16. f4 h5 17. a4 a5 18.
Bxf5 exf5 19. b5 Ne7 20. Ra3 Kh7 21. Be3 Ng8 22. Rf2 Nf6 23. Rd2 Qc7 24. Kh1 Rad8 25. Qg1 Rde8 26. Rd3 Ng4 27. Ra1 Nxe3 28. Nxe3 Qxc5 29. Nxd5 Qc4 30. Rd2 Rd8 31. Rad1 Bxc3 32. Ne3 Qc7 33. Rc2 Rxd1 34. Nxd1 Qxf4 35. Nxc3 Qc4 36. Qd1 Rc8 37. h3 h4 38. Rc1 Qb4 39. Ne2 Rxc1 40. Nxc1 Qb1 41. Kh2 Qa1 42. Qe1 Kg7 43.
Nd3 Qxa4 44. Qe5+ Kh7 45. Qf6 Qc4 46. Qd6 Qxb5 47. Ne5 Qe8 48. Nd7 Kg7 49. Qd4+ Kh6 50. Qxh4+ Kg7 51. Qd4+ Kh6 52. Nf6 Qb8+ 53. Kh1 a4 54. Qxa4 Qe5 55. Nd7 Qe1+ 56. Kh2 Qe3 57. Qc4 f4 58. Nf6 Qg3+ 59. Kg1 Qe1+ 60. Qf1 Qe3+ 61.
Kh1 Qd4 62. Ng4+ Kg7 63. Qc1 b5 64. Nh2 b4 65. Nf3 Qc3 66. Qxc3+ bxc3 67. Nd4 Kf6 68. Kg1 Ke5 69. Nc2 Ke4 70. Kf2 Kd3 71. Nb4+ Kc4 72.
Nc2 Kd3 73. Na3 c2 74. Nxc2 Kxc2 75. h4 Kd3 76. Kf3 Kd4 77. Kxf4 f6 78. g4 Kd5 79. g5 Ke6 80. gxf6 Kxf6 81. Kg4 Kf7 82. Kg5 Kg7 83. h5 gxh5 84. Kxh5 1/2-1/2

[Event "GrandPrix_29.05"]
[Site "Chess.com"]
[Date "2020.05.29"]
[Round "6"]
[White "rim1618"]
[Black "Andrei_Belozerov"]
[Result "0-1"]
[WhiteElo "2415"]
[BlackElo "2671"]
[TimeControl "600+2"]
[EndTime "12:05:30 PDT"]
[Termination "Andrei_Belozerov won by resignation"]

1. Nf3 d5 2. g3 Bg4 3. Bg2 Nd7 4. c4 e6 5. cxd5 exd5 6. O-O Ngf6 7. Nc3 c6 8. d4 Bd6 9. Nh4 O-O 10. f3 Be6 11. e4 dxe4 12. fxe4 Be7 13. Nf5 Bxf5 14. Rxf5 Nb6 15. Kh1 c5 16. d5 Nfd7 17. d6 Bf6 18. Nd5 Nxd5 19. Qxd5 Nb6 20. Qxc5 Rc8 21. Qb4 Rc4 22.
Qb5 Qxd6 23. e5 Qc5 24. exf6 Rxc1+ 25. Rxc1 Qxc1+ 26. Rf1 Qe3 27. fxg7 Kxg7 28. Bxb7 Re8 29. Qf5 Re7 30. Bg2 Nd7 31. b4 Qe5 32. Qg4+ Kf8 33. a4 Nf6 34. Qh4 Kg7 35. b5 Rd7 36. Qb4 Rd4 37. Qb2 Ng4 38. Bf3 Ne3 39. Re1 Qf6 40. Qe2 Nc4 41. Bg2 Nd6 42. a5 Rb4 43. Bc6 Nc4 44.
Rf1 Qd4 45. Qf3 Ne5 46. Qf4 Qxf4 47. gxf4 Nxc6 48. bxc6 Rc4 49. Rb1 Rxc6 50. Rb7 Rc4 51.
f5 Kf6 52. Rxa7 Rc5 53. a6 Rxf5 54. Rb7 Ra5 55. a7 Kg6 56. Kg2 Ra3 57. Kf2 h5 58. h4 f6 59. Ke2 Kf5 60. Rg7 Ke4 61. Kd2 f5 62. Kc2 f4 63. Kb2 Ra6 64. Kc3 f3 65.
Re7+ Kf4 66. Rf7+ Kg3 67. Kb4 f2 68. Rg7+ Kxh4 69. Rf7 Kg3 70. Rg7+ Kf3 71. Rf7+ Ke2 72. Re7+ Kf3 73. Rf7+ Kg3 74. Rg7+ Kh3 75. Rf7 Rxa7 76. Rxf2 Rc7 77. Rf8 h4 78. Rg8 Kh2 79. Kb3 h3 80. Kb2 Kh1 81. Rg6 h2 82. Rg8 Rf7 83. Kc2 Rf1 84. Kd2 Rg1 85. Rh8 Kg2 86. Rg8+ Kf2 87. Rf8+ Kg3 88. Rg8+ Kf4 0-1